 Dungeon Crawl Stone Soup version 0.30-a0-34-gbe8da3892a (webtiles) character file.

Game seed: 5015329789216097859

35583 frimble the Epochal (level 13, -7/103 HPs)
             Began as a Demonspawn Air Elementalist on Aug 28, 2022.
             Was an Elder of Cheibriados.
             Mangled by a large slime creature (27 damage)
             ... on level 12 of the Dungeon.
             The game lasted 00:29:14 (18987 turns).

frimble the Epochal (Demonspawn Air Elementalist)  Turns: 18987, Time: 00:29:14

Health: -7/103     AC: 14    Str: 28    XL:     13   Next: 48%
Magic:  0/23       EV: 15    Int: 26    God:    Cheibriados [****..]
Gold:   886        SH:  7    Dex: 25    Spells: 13/16 levels left

rFire   . . .      SeeInvis +      - Unarmed
rCold   . . .      Faith    .    n - +0 buckler of the Divine God {Slay+3}
rNeg    . . .      Spirit   +    D - +0 troll leather armour
rPois   .          Reflect  .    a - +2 hat {SInv}
rElec   .          Harm     .    (no cloak)
rCorr   .          Rampage  .    H - +1 pair of gloves
Will    .....                    N - +1 pair of boots
Stlth   +++++.....               F - amulet of guardian spirit
HPRegen 1.07/turn                s - +4 ring of protection
MPRegen 0.36/turn                k - +6 ring of strength

@: very slow
A: claws 2, thin skeletal structure 1, demonic guardian 3, magic regeneration
a: Renounce Religion, Bend Time, Temporal Distortion, Slouch


You were on level 12 of the Dungeon.
You worshipped Cheibriados.
Cheibriados was greatly pleased with you.
You visited 2 branches of the dungeon, and saw 16 of its levels.
You also visited: Volcano.

You collected 1150 gold pieces.
You spent 264 gold pieces at shops.

Inventory:

Hand Weapons
 b - a +0 sling
 v - a +2 demon blade of draining
Missiles
 C - a throwing net
Armour
 a - a +2 hat of see invisible (worn)
 n - the +0 buckler of the Divine God (worn) {Slay+3}
   (You acquired it on level 2 of the Dungeon)

   Slay:      It affects your accuracy & damage with ranged weapons and melee
   (+3).
 D - a +0 troll leather armour (worn)
 E - a +2 robe of positive energy
 H - a +1 pair of gloves (worn)
 N - a +1 pair of boots (worn)
Jewellery
 j - a ring of flight
 k - a +6 ring of strength (right hand)
 s - a +4 ring of protection (left hand)
 t - an amulet of reflection
 w - a ring of fire
 F - an amulet of guardian spirit (around neck)
 G - a ring of poison resistance
Wands
 B - a wand of light (5)
Scrolls
 e - 3 scrolls of fog
 h - 7 scrolls of teleportation
 i - 2 scrolls of torment
 p - a scroll of vulnerability
 u - 3 scrolls of amnesia
 y - 5 scrolls of identify
 K - 3 scrolls of blinking
 L - a scroll of immolation
Potions
 c - 3 potions of brilliance
 d - a potion of magic
 f - 6 potions of heal wounds
 g - 3 potions of lignification
 l - 5 potions of curing
 m - 3 potions of mutation
 o - 5 potions of flight
 q - a potion of invisibility
 r - a potion of cancellation
 x - 2 potions of resistance
 z - 4 potions of might
 A - 2 potions of attraction
Miscellaneous
 M - a phantom mirror (inert)


   Skills:
 - Level 10.0 Fighting
 - Level 10.1(10.4) Short Blades
 - Level 3.5(7.4) Long Blades
 - Level 2.1 Ranged Weapons
 - Level 5.0 Dodging
 - Level 6.0 Stealth
 - Level 5.0 Shields
 + Level 8.1 Unarmed Combat
 - Level 2.0 Spellcasting
 - Level 1.1 Conjurations
 + Level 2.6 Translocations
 - Level 2.7 Air Magic
 + Level 13.8 Invocations
 - Level 4.2 Evocations


You had 13 spell levels left.
You knew the following spells:

 Your Spells              Type           Power      Damage    Failure   Level
a - Passwall              Tmut/Erth      1%         N/A       22%         2
b - Apportation           Tloc           32%        N/A       4%          1

Your spell library contained the following spells:

 Spells                   Type           Power      Damage    Failure   Level
 Shock                    Conj/Air       48%        1d6       7%          1
 Static Discharge         Conj/Air       24%        3-5/arc   11%         2
 Swiftness                Air            17%        N/A       14%         3
 Freeze                   Ice            8%         1d3       16%         1
 Necrotise                Necr           8%         1d4       16%         1
 Sandblast                Erth           4%         2d4       16%         1
 Summon Small Mammal      Summ           8%         N/A       16%         1
 Gell's Gravitas          Tloc           16%        N/A       16%         3
 Teleport Other           Tloc           16%        N/A       16%         3
 Stone Arrow              Conj/Erth      10%        3d7       34%         3
 Confusing Touch          Hex            2%         N/A       41%         3
 Frozen Ramparts          Ice            4%         1d1       41%         3
 Vampiric Draining        Necr           2%         2d6       41%         3
 Airstrike                Air            8%         2d(2-18)  43%         4
 Hailstorm                Conj/Ice       5%         3d4       75%         4
 Agony                    Necr           2%         N/A       99%         5
 Yara's Violent Unravell  Hex/Tmut       1%         3d3       99%         5
 Dispersal                Tloc           8%         N/A       100%        6
 Enfeeble                 Hex            1%         N/A       100%        7


Dungeon Overview and Level Annotations

Branches:
Dungeon (12/15)            Temple (0/1) D:4            Lair (4/5) D:10
 Shoals (0/4) Lair:2       Spider (0/4) Lair:3          Orc (0/2) D:9
Volcano (visited)
  Slime: Lair:4-5

Altars:
Cheibriados
Dithmenos
Gozag
Hepliaklqana
Makhleb
Nemelex Xobeh
Qazlal
Ru

Shops:
D:8 [   D:10 ![:?

Annotations:
D:9 2 transporters, Stellion's ghost, journeyman HOHu
D:11 2 transporters, Daxter95's ghost, journeyman MiBe
Lair:4 Urug


Innate Abilities, Weirdness & Mutations

You have very sharp fingernails.
You have a somewhat thin skeletal structure. (Dex +2, Stealth+)
A powerful demonic guardian rushes to your aid.
You regenerate magic rapidly.


Message History

The slime creature barely misses you.
You hit the slime creature.
The slime creature is heavily wounded.
Two slime creatures merge to form a large slime creature.
The slime creature hits you. You block the slime creature's attack.
You hit the slime creature.
The slime creature is heavily wounded.
The slime creature closely misses you. You block the slime creature's attack.
You punch the slime creature!
The slime creature is severely wounded.
The large slime creature hits you!! You block the slime creature's attack.
The slime creature hits you.
You are too injured to fight recklessly!
Activating: Slouch (0% risk of failure)
Press: ? - help, Dir - look around, f - activate You can feel time thicken for a moment.
The large slime creature hits you!!
The slime creature hits you but does no damage.
The slime creature completely misses you.
You punch the slime creature!
You kill the slime creature!
Cheibriados appreciates the change of pace.
The large slime creature hits you. You block the slime creature's attack.
You punch the cyclops!
The cyclops is heavily wounded.
The large slime creature barely misses you.
The slime creature hits you!
Activating: Slouch (1% risk of failure)
Press: ? - help, Dir - look around, f - activate You can feel time thicken for a moment.
You can no longer step out of the flow of time.
Cheibriados lowers the support of your attributes as your movement quickens.
You block the cyclops's attack. The large slime creature hits you!!
* * * LOW HITPOINT WARNING * * *
A demonic guardian appears!
The slime creature closely misses you.
You hit the slime creature.
The slime creature is severely wounded.
Your sixfirhy hits the slime creature!
Your sixfirhy shocks the slime creature!
The slime creature misses you. The large slime creature hits you!!
You die...

.............#
.............#
###~..≈###...#
...#≈≈#...#..#
.⌠ #≈≈#.⌠.#..#
...#≈≈#...#.##
###~≈≈≈###..#
..≈≈≈≈≈≈JJ3.#
..~≈≈≈≈~C@..#
###≈≈≈≈###..#
...#≈≈# .#.# .
#≈≈ .#.# #≈
..#.. ~. ##
..# .. .# ..#


You could see a large slime creature, a slime creature (ally target), a cyclops
and a friendly sixfirhy (summoned).

Vanquished Creatures
  Gastronok (D:11)
  A red draconian (Volcano)
  Josephine (Lair:3)
  A catoblepas (Lair:1)
  3 hydras
  A boulder beetle (D:10)
  6 two-headed ogres
  Nergalle (D:12)
  A lindwurm (Lair:4)
  A cyclops (D:11)
  An ugly thing (D:10)
  8 elephants
  4 cane toads
  2 molten gargoyles (Volcano)
  5 komodo dragons
  A kobold demonologist (D:10)
  2 unseen horrors
  2 rime drakes
  3 trolls
  8 blink frogs
  A slime creature (D:12)
  A shadow (D:10)
  7 wyverns
  4 vampires (D:10)
  7 yaks
  3 wraiths
  5 fire bats
  2 steam dragons
  An acid dragon (D:12)
  10 water moccasins
  Duvessa (D:7)
  7 orc warriors
  3 ice beasts
  2 black bears
  4 ogres (D:12)
  3 wolves (Lair:1)
  8 centaurs
  A phantom (D:3)
  4 kobold brigands
  8 bullfrogs
  A necrophage (D:7)
  Dowan (D:7)
  5 wights
  7 killer bees
  3 howler monkeys
  2 electric eels
  2 jellies (D:6)
  4 lava snakes (Volcano)
  3 orc priests
  3 hounds
  3 iguanas
  9 orc wizards
  10 adders
  A shadow imp (D:7)
  2 worms
  36 orcs
  5 ball pythons
  6 bats
  11 endoplasms
  3 giant cockroaches
  7 hobgoblins
  9 jackals
  5 quokkas
  2 frilled lizards
  6 goblins
  14 kobolds
  3 rats
298 creatures vanquished.

Vanquished Creatures (collateral kills)
  A hydra (D:10)
  A boulder beetle (D:11)
  An ogre mage (Volcano)
  A two-headed ogre (Volcano)
  Lodul (D:12)
  An orc knight (D:10)
  An elephant (Lair:4)
  A kobold demonologist (D:10)
  A blink frog (Lair:3)
  A vampire (D:10)
  4 wraiths
  2 yaks (D:10)
  An acid dragon (D:11)
  An ogre (D:12)
  A kobold brigand (D:10)
  2 orcs
21 creatures vanquished.

Vanquished Creatures (others)
  13 fungi
  12 plants
  4 toadstools (D:2)
29 creatures vanquished.

Grand Total: 348 creatures vanquished

Notes
Turn   | Place    | Note
-------+----------+-------------------------------------------
     0 | D:1      | frimble the Demonspawn Air Elementalist began the quest for
                  | the Orb.
     0 | D:1      | Reached XP level 1. HP: 13/13 MP: 3/3
   171 | D:1      | Gained mutation: You have sharp fingernails. [demonic
                  | ancestry]
   171 | D:1      | Reached XP level 2. HP: 19/19 MP: 5/5
   191 | D:1      | Reached skill level 1 in Ranged Weapons
   777 | D:2      | Reached XP level 3. HP: 24/24 MP: 6/6
  1116 | D:2      | Reached skill level 1 in Short Blades
  1453 | D:3      | Found a sparkling altar of Nemelex Xobeh.
  1463 | D:2      | Identified a scroll of acquirement
  1465 | D:2      | Acquired the +0 buckler of the Divine God {Slay+3}
  1961 | D:3      | Reached XP level 4. HP: 27/30 MP: 7/7
  2067 | D:3      | Noticed a phantom
  2093 | D:3      | Killed a phantom
  2094 | D:3      | Reached skill level 1 in Shields
  2094 | D:3      | Gained mutation: You have a somewhat thin skeletal
                  | structure. (Dex +2, Stealth+) [demonic ancestry]
  2094 | D:3      | Reached XP level 5. HP: 32/35 MP: 8/8
  2693 | D:3      | Found the amulet of Elemental Vulnerability {rPois rF--
                  | rC-- AC+8}
  2704 | D:3      | Found a faded altar of an unknown god.
  3035 | D:4      | Found a staircase to the Ecumenical Temple.
  3359 | D:4      | Found a snail-covered altar of Cheibriados.
  3471 | D:4      | Reached XP level 6. HP: 38/41 MP: 9/9
  3526 | D:4      | Found a stormy altar of Qazlal.
  3737 | D:4      | Found a hazy altar of Hepliaklqana.
  3975 | D:5      | Entered Level 5 of the Dungeon
  4380 | D:5      | Found a burning altar of Makhleb.
  5304 | D:6      | Reached XP level 7. HP: 40/46 MP: 10/10
  5474 | D:6      | Found a shadowy altar of Dithmenos.
  5745 | D:6      | Reached skill level 5 in Short Blades
  5745 | D:6      | Reached skill level 1 in Evocations
  6325 | D:6      | Reached skill level 5 in Shields
  6325 | D:6      | Reached XP level 8. HP: 51/52 MP: 11/11
  6660 | D:7      | Noticed Dowan
  6666 | D:8      | Reached skill level 1 in Fighting
  6999 | D:7      | Noticed Duvessa
  7147 | D:7      | Killed Duvessa
  7173 | D:7      | Killed Dowan
  7803 | D:7      | Gained mutation: A weak demonic guardian rushes to your
                  | aid. [demonic ancestry]
  7803 | D:7      | Reached XP level 9. HP: 65/65 MP: 12/12
  8920 | D:4      | Became a worshipper of Cheibriados the Contemplative
  9173 | D:8      | Found Jesodih's Antique Armour Shop.
  9372 | D:8      | Identified the +11 flail of Bazxef {vorpal, rPois Str+4}
  9853 | D:9      | Reached skill level 5 in Fighting
  9978 | D:9      | Identified the +1 leather armour of Waleugasm {Dex+3}
 10020 | D:9      | Reached * piety under Cheibriados
 10072 | D:9      | Identified the +5 great mace of the Distant Future {elec,
                  | Fragile rElec Str+2 Int+4}
 10072 | D:9      | Noticed a two-headed ogre
 10074 | D:9      | Noticed a two-headed ogre
 10076 | D:9      | Found a transporter.
 10076 | D:9      | Noticed a two-headed ogre
 10076 | D:9      | Noticed Stellion's ghost (journeyman HOHu)
 10084 | D:9      | Found a transporter.
 10139 | D:9      | Noticed a troll
 10147 | D:9      | Killed a troll
 10148 | D:9      | Reached skill level 5 in Stealth
 10211 | D:9      | Found a staircase to the Orcish Mines.
 10864 | D:10     | Entered Level 10 of the Dungeon
 10885 | D:10     | Gained mutation: A demonic guardian rushes to your aid.
                  | [demonic ancestry]
 10885 | D:10     | Reached XP level 10. HP: 71/76 MP: 13/13
 10906 | D:10     | Found a staircase to the Lair.
 10918 | D:10     | Found a sacrificial altar of Ru.
 11262 | Lair:1   | Entered Level 1 of the Lair of Beasts
 11364 | Lair:1   | Reached ** piety under Cheibriados
 11562 | Lair:1   | Noticed a catoblepas
 11580 | Lair:1   | Killed a catoblepas
 12251 | Lair:1   | Noticed a cane toad
 12256 | Lair:1   | Killed a cane toad
 12512 | Lair:2   | Noticed a black mamba
 12538 | Lair:2   | Noticed an elephant
 12559 | Lair:2   | Learned a level 2 spell: Passwall
 12616 | Lair:2   | Noticed a seven-headed hydra
 12623 | Lair:2   | Killed a seven-headed hydra
 12684 | Lair:2   | Found a staircase to the Shoals.
 12730 | Lair:2   | Found a dark tunnel.
 12752 | Volcano  | Entered a volcano
 12858 | Volcano  | Gained mutation: A powerful demonic guardian rushes to your
                  | aid. [demonic ancestry]
 12858 | Volcano  | Reached XP level 11. HP: 65/86 MP: 11/14
 12885 | Volcano  | Reached skill level 5 in Dodging
 12998 | Volcano  | Found a bloodstained altar of Trog.
 12998 | Volcano  | Noticed a two-headed ogre
 12998 | Volcano  | Noticed a two-headed ogre
 12998 | Volcano  | Noticed an ogre mage
 12998 | Volcano  | Noticed a two-headed ogre
 13004 | Volcano  | Killed a two-headed ogre
 13005 | Volcano  | Reached skill level 2 in Invocations
 13017 | Volcano  | Killed a two-headed ogre
 13018 | Volcano  | Killed an ogre mage
 13019 | Volcano  | Reached skill level 3 in Invocations
 13019 | Volcano  | Killed a two-headed ogre
 13020 | Volcano  | Reached skill level 4 in Invocations
 13292 | Volcano  | Noticed a red draconian
 13308 | Volcano  | Killed a red draconian
 13489 | Volcano  | Noticed a two-headed ogre
 13492 | Volcano  | Killed a two-headed ogre
 13493 | Volcano  | Reached skill level 10 in Short Blades
 13493 | Volcano  | Reached skill level 5 in Invocations
 13934 | Lair:2   | Reached skill level 1 in Long Blades
 13945 | Lair:2   | Reached skill level 6 in Invocations
 14210 | Lair:3   | Reached *** piety under Cheibriados
 14396 | Lair:3   | Found a hole to the Spider Nest.
 14634 | Lair:3   | Reached skill level 7 in Invocations
 14756 | Lair:3   | Noticed Josephine
 14763 | Lair:3   | Reached skill level 10 in Fighting
 14774 | Lair:3   | Killed Josephine
 14775 | Lair:3   | Gained mutation: You have very sharp fingernails. [demonic
                  | ancestry]
 14775 | Lair:3   | Reached XP level 12. HP: 55/97 MP: 10/17
 15174 | Lair:4   | Reached skill level 1 in Unarmed Combat
 15174 | Lair:4   | Reached skill level 8 in Invocations
 15580 | Lair:4   | Reached skill level 9 in Invocations
 16009 | Lair:4   | Noticed Urug
 16015 | Lair:4   | Noticed Urug
 16015 | Lair:4   | Urug changed into Urug the merfolk
 16018 | Lair:4   | Noticed Urug
 16018 | Lair:4   | Urug the merfolk changed into Urug the water nymph
 16143 | Lair:2   | Reached skill level 10 in Invocations
 16480 | D:10     | Reached **** piety under Cheibriados
 16483 | D:10     | Reached skill level 5 in Unarmed Combat
 16773 | D:10     | Found an opulent altar of Gozag.
 16868 | D:10     | Reached skill level 11 in Invocations
 16926 | D:10     | Noticed an eight-headed hydra
 16935 | D:10     | Killed a six-headed hydra
 17067 | D:10     | Noticed a boulder beetle
 17161 | D:10     | Reached skill level 12 in Invocations
 17373 | D:10     | Killed a boulder beetle
 17374 | D:10     | Gained mutation: You regenerate magic rapidly. [demonic
                  | ancestry]
 17374 | D:10     | Reached XP level 13. HP: 66/103 MP: 11/22
 17486 | D:10     | Found Eruduuc's Book Boutique.
 17487 | D:10     | Found Zoahah's Magic Scroll Emporium.
 17487 | D:10     | Found Kyseasch's Antique Armour Shoppe.
 17487 | D:10     | Found Yntuomoh's Distillery.
 17498 | D:10     | Reached ***** piety under Cheibriados
 17501 | D:10     | Bought a scroll of teleportation for 42 gold pieces
 17501 | D:10     | Bought a scroll of teleportation for 42 gold pieces
 17501 | D:10     | Bought a scroll of blinking for 105 gold pieces
 17545 | D:10     | Bought a potion of heal wounds for 75 gold pieces
 17990 | D:11     | Noticed Daxter95's ghost (journeyman MiBe)
 18010 | D:11     | Reached skill level 13 in Invocations
 18190 | D:11     | Learned a level 1 spell: Apportation
 18317 | D:11     | Found a transporter.
 18331 | D:11     | Found a transporter.
 18418 | D:11     | Reached skill level 1 in Translocations
 18534 | D:11     | Noticed Gastronok
 18549 | D:11     | Killed Gastronok
 18824 | D:12     | Noticed Nergalle
 18832 | D:12     | Killed Nergalle
 18877 | D:12     | Noticed Lodul
 18880 | D:12     | Killed Lodul
 18925 | D:12     | Identified the +3 quarterstaff "Vyklaic" {antimagic, Will+}
 18987 | D:12     | Mangled by a large slime creature

Illustrated notes

Levels and vault maps discovered:
D:1:      minmay_arrival_solitary_statue, layout_basic
D:2:      minmay_evil_eye, layout_loops_cross, minmay_gold_behind_fungi
D:3:      minmay_spotlight, layout_basic, nemelex_xobeh_ov_fountains_minmay,
          hellmonk_ecumenical_altar_slurped_away, minivault_11,
          kennysheep_big_empty_room, chequers_serial_rivers_large_b
D:4:      layout_basic, nicolae_hepliaklqana_hippocampus,
          mainiacjoe_overflow_surrounded_room, marbit_many_paths,
          minmay_temple_entry_slanted
D:5:      layout_gridville, mainiacjoe_overflow_small_starburst
D:6:      layout_basic, grunt_dithmenos_smoke, nicolae_elyvilon_peaceful_grove
D:7:      layout_basic, uniq_duvessa
D:8:      layout_basic, serial_shops, shop, dreamdust_princess_bridge
D:9:      layout_stronghold, tso_oasis_becter, david_orc_2,
          gammafunk_ghost_smash
D:10:     minmay_quarter_circles, layout_cave_pools,
          nicolae_ru_sacrificial_ziggurat, mainiacjoe_overflow_paths,
          nicolae_wooded_promenade
D:11:     layout_cave_pods, nzn_ghost_randoct, uniq_gastronok
D:12:     minmay_the_grid_square_5x5_3x3 [minmay_the_grid_square_5x5_hourglass,
          minmay_the_grid_square_5x5_one_wall,
          minmay_the_grid_square_5x5_trominoes, minmay_the_grid_square_5x5_c,
          minmay_the_grid_square_5x5_megaprize_diamond,
          minmay_the_grid_square_5x5_six_small,
          minmay_the_grid_square_5x5_inverted_slash,
          minmay_the_grid_square_5x5_bridge, minmay_the_grid_square_5x5_three],
          layout_loops_ring, gammafunk_ghost_cemetery, fountainhead,
          dk_noncrumbling_2, minivault_10, lightli_minifort, uniq_lodul,
          uniq_nergalle
Lair:1:   layout_layer_cave, lemuel_fruit_tree, lemuel_fruit_fields,
          serial_bayou_shore_b
Lair:2:   layout_cave_pods, elwin_shoals_entry_rocks,
          nicolae_volcano_entry_batcave
Lair:3:   layout_regular_city, spider_nest_entry_web_field, lemuel_fruit_fields,
          uniq_josephine
Lair:4:   layout_roguey, nicolae_quartered_pool_super,
          infiniplex_staircase_pool_2, uniq_urug, uniq_sonja

Skill      XL: |  1  2  3  4  5  6  7  8  9 10 11 12 13 |
---------------+----------------------------------------+-----
Ranged Weapons | 2 |  2.1
Short Blades   | 1 2 3 4 5 6 8 9 10 | 10.1
Shields        | 1 2 3 5 |  5.0
Evocations     | 2 4 |  4.2
Fighting       | 3 6 8 10 | 10.0
Stealth        | 2 5 6 |  6.0
Dodging        | 2 4 5 |  5.0
Invocations    | 7 12 13 | 13.8
Long Blades    | 3 |  3.5
Unarmed Combat | 6 8 |  8.1
Translocations | 2 |  2.6
Spellcasting   | |  2.0
Conjurations   | |  1.1
Air Magic      | |  2.7

Action                   |  1- 3 |  4- 6 |  7- 9 | 10-12 | 13-15 || total
-------------------------+-------+-------+-------+-------+-------++-------
Melee: Short sword       |    54 |   192 |   345 |   130 |       ||   721
       Punch             |     1 |       |       |       |       ||     1
       Demon blade       |       |       |       |   273 |       ||   273
       Unarmed           |       |       |       |    20 |   170 ||   190
 Fire: Sling             |   106 |    20 |    13 |     1 |       ||   140
 Cast: Passwall          |       |       |       |     3 |       ||     3
Invok: Slouch            |       |       |       |       |     3 ||     3
       Bend Time         |       |       |       |       |     2 ||     2
Evoke: Wand              |       |       |    10 |    18 |       ||    28
       Phantom mirror    |       |       |       |       |     1 ||     1
  Use: Scroll            |     6 |     7 |     6 |    11 |     5 ||    35
       Potion            |       |     3 |     2 |     5 |       ||    10
 Stab: Distracted        |       |     2 |     2 |     3 |     1 ||     8
       Sleeping          |       |     3 |     6 |    14 |     5 ||    28
       Invisible         |       |       |     2 |     9 |       ||    11
       Paralysed         |       |       |     2 |     2 |       ||     4
Armor: Robe              |     1 |       |    40 |   155 |       ||   196
       Leather armour    |    24 |       |       |       |       ||    24
       Scale mail        |    40 |   120 |    49 |       |       ||   209
       Skin              |       |       |    10 |       |       ||    10
       Troll leather arm |       |       |       |    46 |    51 ||    97
Dodge: Dodged            |    71 |    66 |   142 |   268 |    89 ||   636
Block: Buckler           |     1 |    43 |    86 |   151 |    46 ||   327

Table legend: (Time is in decaauts)
 A = Elapsed time spent in this place.
 B = Non-inter-level travel time spent in this place.
 C = Inter-level travel time spent in this place.
 D = Time resting spent in this place.
 E = Time spent auto-exploring this place.
 F = Levels seen in this place.
 G = Mean time per level.
                   A        B        C        D        E       F      G
               +--------+--------+--------+--------+--------+-----+--------+
         Total |  22171 |  21022 |   1149 |    782 |  16477 |  17 | 1304.2 |
       Dungeon |  15513 |  14640 |    873 |    362 |  11815 |  12 | 1292.8 |
          Lair |   5730 |   5455 |    275 |      0 |   4662 |   4 | 1432.5 |
       Volcano |    926 |    926 |      0 |    420 |      0 |   1 |  926.0 |
               +--------+--------+--------+--------+--------+-----+--------+

Top non-repeatable levels by time:
    D:10: 2039 daAuts
     D:7: 1888 daAuts
  Lair:1: 1855 daAuts
     D:9: 1797 daAuts
    D:11: 1742 daAuts
  Lair:2: 1438 daAuts
  Lair:3: 1400 daAuts
     D:6: 1315 daAuts
     D:4: 1287 daAuts
     D:3: 1179 daAuts
     D:2: 1168 daAuts
     D:5: 1120 daAuts
  Lair:4: 1036 daAuts
     D:8: 963 daAuts
 Volcano: 926 daAuts
